 Dungeon Crawl Stone Soup version 0.29.1-1-gd02db6906a (webtiles) character file.

Game seed: 2306260166783929649

4319 Scypho the Carver (level 10, 0/83 HPs)
             Began as a Minotaur Fighter on Sept 23, 2022.
             Was an Elder of Okawaru.
             Slain by a two-headed ogre
             ... wielding a +0 giant club
              (16 damage)
             ... on level 8 of the Dungeon.
             The game lasted 00:28:43 (11212 turns).

Scypho the Carver (Minotaur Fighter)               Turns: 11212, Time: 00:28:44

Health: 0/83       AC: 13    Str: 22    XL:     10   Next: 11%
Magic:  7/9        EV: 11    Int:  7    God:    Okawaru [****..]
Gold:   160        SH:  7    Dex: 11    Spells: 9/9 levels left

rFire   . . .      SeeInvis .   i - +2 scimitar
rCold   . . .      Faith    .   c - +0 buckler
rNeg    + . .      Spirit   .   p - +0 chain mail
rPois   .          Reflect  .   (helmet restricted)
rElec   .          Harm     .   (no cloak)
rCorr   .          Rampage  .   (no gloves)
Will    .....                   o - +0 pair of boots
Stlth   ..........              (no amulet)
HPRegen 0.23/turn               l - ring of positive energy
MPRegen 0.11/turn               (no ring)

@: heroic
A: horns 2, retaliatory headbutt
a: Renounce Religion, Heroism, Finesse


You were on level 8 of the Dungeon.
You worshipped Okawaru.
Okawaru was greatly pleased with you.
You visited 2 branches of the dungeon, and saw 9 of its levels.

You collected 292 gold pieces.
You spent 132 gold pieces at shops.

Inventory:

Hand Weapons
 i - a +2 scimitar (weapon)
 r - a +4 dagger
Missiles
 s - 6 javelins (quivered)
 y - 2 throwing nets
Armour
 c - a +0 buckler (worn)
 o - a +0 pair of boots (worn)
 p - a +0 chain mail (worn)
 w - a +0 tower shield
 F - +0 steam dragon scales
Jewellery
 l - a ring of positive energy (left hand)
Wands
 b - a wand of iceblast (21)
 d - a wand of digging (3)
 q - a wand of mindburst (16)
Scrolls
 a - 4 scrolls of enchant armour {unknown}
 f - 3 scrolls of blinking
 h - 6 scrolls of teleportation
 k - 2 scrolls of magic mapping
 n - a scroll of fear
 u - a scroll of silence
 z - a scroll of acquirement {unknown}
 C - a scroll of poison {unknown}
 E - a scroll of enchant weapon {unknown}
Potions
 e - 3 potions of flight
 g - a potion of ambrosia
 j - a potion of curing
 m - 2 potions of heal wounds
 t - a potion of brilliance
 v - 3 potions of haste
 x - a potion of berserk rage
 A - a potion of resistance {unknown}
 B - a potion of invisibility {unknown}
 D - 2 potions of might


   Skills:
 + Level 6.0(11.0) Fighting
 - Level 14.0(19.0) Long Blades
 + Level 6.0(11.0) Armour
 + Level 4.1(9.1) Dodging
 * Level 7.7(12.7) Shields


You had 9 spell levels left.
You didn't know any spells.
Your spell library contained the following spells:

 Spells                   Type           Power      Damage    Failure   Level
 Apportation              Tloc           0%         N/A       97%         1
 Freeze                   Ice            0%         1d3       97%         1
 Necrotise                Necr           0%         1d4       97%         1
 Frozen Ramparts          Ice            0%         1d1       100%        3
 Portal Projectile        Hex/Tloc       0%         N/A       100%        3
 Anguish                  Hex/Necr       0%         N/A       100%        4
 Hailstorm                Conj/Ice       0%         3d3       100%        4
 Blade Hands              Tmut           0%         N/A       100%        5
 Enfeeble                 Hex            0%         N/A       100%        7
 Storm Form               Tmut/Air       0%         N/A       100%        7
 Maxwell's Capacitive Co  Air            0%         ∞         100%        8
 Summon Small Mammal      Summ           Unusable   N/A       N/A         1
 Tukima's Dance           Hex            Unusable   N/A       N/A         3
 Summon Lightning Spire   Summ/Air       Unusable   N/A       N/A         4

Dungeon Overview and Level Annotations

Branches:
Dungeon (8/15)             Temple (1/1) D:4
   Lair: D:8-11

Altars:
Elyvilon
Kikubaaqudgha
Makhleb
Nemelex Xobeh
Okawaru
Qazlal
Ru
Sif Muna
Trog
Wu Jian
Yredelemnul
Zin

Shops:
D:4 !   D:5 (

Portals:
Bailey: D:8

Annotations:
D:3 3 runed translucent doors, hilljack's ghost, amateur GrEE
D:8 Joseph


Innate Abilities, Weirdness & Mutations

You have a pair of horns on your head.
You reflexively headbutt those who attack you in melee.


Message History

You barely miss the orc wizard.
The orc wizard hits you with a +0 dagger.
You hit the orc wizard. The orc wizard closely misses you.
You furiously retaliate!
You headbutt the orc wizard! You slash the orc wizard!
You kill the orc wizard!
Okawaru accepts your kill.
You open the door.
There is an open door here.
Joseph, a Mercenary comes into view.
He is wielding a +0 quarterstaff.
Joseph unwields a +0 quarterstaff.
Joseph wields a +0 sling.
Joseph shoots a sling bullet.
You block the sling bullet.
You open the door.
Joseph shoots a sling bullet.
The sling bullet closely misses you.
Joseph shoots a sling bullet.
The sling bullet hits you!
There is an open door, spattered with blood here.
You hear the quick creaking of a portcullis very nearby.
You open the door.
Joseph shoots a sling bullet.
The sling bullet barely misses you.
Joseph shoots a sling bullet.
The sling bullet hits you!
* * * LOW HITPOINT WARNING * * *
There is an open door, spattered with blood here.
An orc comes into view. It is wielding a +0 club.
You gain the combat prowess of a mighty hero.
You slash the two-headed ogre!
You headbutt the two-headed ogre, but do no damage.
You block the two-headed ogre's attack.
The two-headed ogre hits you with a +0 giant spiked club!!
* * * LOW HITPOINT WARNING * * *
You barely miss the two-headed ogre.
You feel much better.
The two-headed ogre hits you with a +0 giant club!
* * * LOW HITPOINT WARNING * * *
The two-headed ogre completely misses you.
Joseph shoots a sling bullet.
The sling bullet misses you.
The sling bullet barely misses the two-headed ogre.
You slash the two-headed ogre! You headbutt the two-headed ogre.
You slash the two-headed ogre!
The two-headed ogre hits you with a +0 giant club!
You die...

,,,,,****,,*,,,,,.....o'......#
,,,,,,* *,,******####+#####'###
****########.,,,,.............#
,,,,.........,,,,.............#
,,,,.........,,,,...........$.#
,,,,........###########.......#
****,.......#.................#
*,<*,.......##8###8####.......#*
,,,*,,,,,#..@...@O...∩8o#......#
,,**,,,,,#..####8###8##)#......#
***,,,,,,#..#,........).#......#
,,,,,,,,,#..###########.#......#
,,,,,,,,,#...#..^..#....#.../..#
,,,,,,,,,#...#.....#....#......#
****,.,,,#...#.....'....#,,,,,,*
,,**,....##@##.....#....#,,,,,,*
,,,*.@.............#....#,,,,,,*


You could see Joseph, a two-headed ogre and an orc.

Vanquished Creatures
  Maggie (D:8)
  Prince Ribbit (D:5)
  A wraith (D:6)
  A wyvern (D:7)
  An acid dragon (D:7)
  2 black bears (D:6)
  Duvessa (D:7)
  5 orc warriors (D:7)
  2 ice beasts
  6 ogres (D:7)
  A centaur (D:8)
  2 phantoms
  A bullfrog (D:8)
  A necrophage (D:7)
  6 scorpions
  3 wights (D:6)
  Dowan (D:7)
  6 killer bees (D:8)
  A howler monkey (D:6)
  2 hounds
  3 orc priests
  4 gnoll boudas (D:7)
  A jelly (D:6)
  5 iguanas
  3 orc wizards
  11 adders
  13 gnolls
  A white imp (D:6)
  An ufetubus (D:5)
  2 worms (D:2)
  A dart slug (D:2)
  16 orcs
  9 bats
  6 endoplasms
  9 goblins
  5 hobgoblins
  6 jackals
  4 kobolds
  5 quokkas
  9 ball pythons
  2 frilled lizards
  12 rats
173 creatures vanquished.

Vanquished Creatures (others)
  A fungus (D:7)
  11 plants (D:7)
12 creatures vanquished.

Grand Total: 185 creatures vanquished

Notes
Turn   | Place    | Note
-------+----------+-------------------------------------------
     0 | D:1      | Scypho the Minotaur Fighter began the quest for the Orb.
     0 | D:1      | Reached XP level 1. HP: 19/19 MP: 0/0
   207 | D:1      | Reached skill level 3 in Long Blades
   263 | D:1      | Reached XP level 2. HP: 26/26 MP: 1/1
  1075 | D:2      | Reached skill level 4 in Long Blades
  1169 | D:2      | Reached XP level 3. HP: 23/31 MP: 2/2
  1526 | D:2      | Reached skill level 5 in Long Blades
  1935 | D:2      | Reached XP level 4. HP: 28/39 MP: 3/3
  2059 | D:2      | Found a faded altar of an unknown god.
  2309 | D:3      | Reached skill level 6 in Long Blades
  2565 | D:3      | Found a runed translucent gate.
  2568 | D:3      | Found a runed translucent gate.
  2568 | D:3      | Found a runed translucent gate.
  2571 | D:3      | Noticed hilljack's ghost (amateur GrEE)
  2817 | D:3      | Reached XP level 5. HP: 45/45 MP: 4/4
  3092 | D:4      | Found a staircase to the Ecumenical Temple.
  3105 | Temple   | Entered the Ecumenical Temple
  3116 | Temple   | Became a worshipper of Warmaster Okawaru
  3567 | D:4      | Reached skill level 7 in Long Blades
  3839 | D:4      | Found Ydievil's Distillery.
  3845 | D:4      | Bought a potion of haste for 120 gold pieces
  3845 | D:4      | Bought a potion of degeneration for 12 gold pieces
  4138 | D:5      | Entered Level 5 of the Dungeon
  4380 | D:5      | Reached XP level 6. HP: 51/51 MP: 5/5
  4402 | D:5      | Reached skill level 8 in Long Blades
  4545 | D:5      | Found Tethuc's Weapon Boutique.
  4909 | D:5      | Noticed Prince Ribbit
  5081 | D:5      | Killed Prince Ribbit
  5081 | D:5      | Reached * piety under Okawaru
  5082 | D:5      | Reached skill level 9 in Long Blades
  5082 | D:5      | Reached XP level 7. HP: 31/57 MP: 6/6
  5510 | D:5      | Reached skill level 10 in Long Blades
  6317 | D:6      | Reached skill level 11 in Long Blades
  6551 | D:6      | Found a white marble altar of Elyvilon.
  6554 | D:6      | Found a stormy altar of Qazlal.
  6561 | D:6      | Reached XP level 8. HP: 64/64 MP: 7/7
  6563 | D:6      | Found an ornate altar of the Wu Jian Council.
  6566 | D:6      | Found a sparkling altar of Nemelex Xobeh.
  6934 | D:6      | Reached skill level 12 in Long Blades
  7299 | D:6      | Reached ** piety under Okawaru
  7613 | D:6      | Reached skill level 13 in Long Blades
  7624 | D:6      | Found the +7 Singing Sword {vorpal, sonic wave}
  8301 | D:7      | Reached skill level 14 in Long Blades
  8301 | D:7      | Reached XP level 9. HP: 51/71 MP: 5/8
  8581 | D:7      | Reached skill level 1 in Dodging
  8840 | D:7      | Reached skill level 5 in Shields
  8843 | D:7      | Reached *** piety under Okawaru
  9439 | D:7      | Reached skill level 5 in Fighting
  9439 | D:7      | Reached skill level 5 in Armour
 10114 | D:7      | Noticed Dowan
 10117 | D:7      | Noticed Duvessa
 10126 | D:7      | Killed Duvessa
 10129 | D:7      | Killed Dowan
 10727 | D:8      | Noticed Maggie
 10741 | D:8      | Killed Maggie
 10741 | D:8      | Reached **** piety under Okawaru
 10742 | D:8      | Reached XP level 10. HP: 58/83 MP: 7/9
 11160 | D:8      | Found a flagged portal.
 11161 | D:8      | Noticed a two-headed ogre
 11192 | D:8      | Noticed Joseph
 11212 | D:8      | Slain by a two-headed ogre

Illustrated notes

Levels and vault maps discovered:
D:1:      dpeg_arrival_pits, layout_basic, minmay_misc_feat_hallway
D:2:      layout_rooms, ebering_ecumenical_altar_box
D:3:      layout_basic, gammafunk_ghost_necromancy
D:4:      layout_basic, minmay_temple_entry_slanted, serial_shops, shop
D:5:      layout_gridville, serial_shops, shop, corexii_checkpoint_a,
          grunt_decor_junction, minivault_19, grunt_ministairs_10,
          uniq_prince_ribbit1
D:6:      old_forge, layout_layer_cave, grunt_temple_overflow_cloverleaf
D:7:      kennysheep_seaside_town, layout_cave_pools, uniq_duvessa
D:8:      layout_gridville, enter_bailey_8, hangedman_decor_diamond_cutter,
          dreamdust_mushroom_princess, grunt_ministairs_6, wad_rectangle_vault,
          uniq_joseph, uniq_maggie
Temple:   mainiacjoe_temple_coin_purse

Skill      XL: |  1  2  3  4  5  6  7  8  9 10 |
---------------+-------------------------------+-----
Long Blades    | 3 4 5 6 7 9 11 14 | 14.0
Shields        | 7 |  7.7
Fighting       | 5 6 |  6.0
Armour         | 5 6 |  6.0
Dodging        | 3 4 |  4.1

Action                   |  1- 3 |  4- 6 |  7- 9 | 10-12 || total
-------------------------+-------+-------+-------+-------++-------
Melee: Long sword        |   117 |    31 |       |       ||   148
       Headbutt          |    16 |    27 |    78 |     5 ||   126
       Dagger            |       |   126 |   124 |       ||   250
       Scimitar          |       |       |   215 |    48 ||   263
Invok: Heroism           |       |       |    10 |     1 ||    11
Evoke: Wand              |       |       |     1 |       ||     1
  Use: Scroll            |       |     8 |     3 |       ||    11
       Potion            |       |     2 |     2 |     1 ||     5
Armor: Scale mail        |    49 |    12 |       |       ||    61
       Chain mail        |       |    53 |    97 |    21 ||   171
Dodge: Dodged            |    44 |    41 |    90 |    20 ||   195
Block: Buckler           |    27 |    24 |    64 |    18 ||   133
